 Dungeon Crawl Stone Soup version 0.28.0-53-g5a82cb258f (webtiles) character file.

Game seed: 15854719492580103695

128 hawla the Firebug (level 4, 0/22 (24) HPs)
             Began as a Deep Elf Fire Elementalist on May 29, 2022.
             Slain by a wight
             ... wielding a +3 halberd
              (3 damage)
             ... on level 4 of the Dungeon.
             The game lasted 00:10:02 (3738 turns).

hawla the Firebug (Deep Elf Fire Elementalist)      Turns: 3738, Time: 00:10:02

HP:   0/22 (24)     AC:  3    Str:  5    XL:     4   Next: 87%
MP:   7/11          EV: 13    Int: 22    God:
Gold: 153           SH:  0    Dex: 15    Spells: 3/10 levels left

rFire   . . .      SeeInvis .   c - staff of poison
rCold   . . .      Faith    .   (no shield)
rNeg    . . .      Spirit   .   a - +0 robe
rPois   +          Reflect  .   (no helmet)
rElec   .          Harm     .   k - +0 cloak
rCorr   .          Rampage  .   (no gloves)
Will    .....                   (no boots)
Stlth   ++........              (no amulet)
HPRegen 0.07/turn               (no ring)
MPRegen 0.12/turn               (no ring)

@: drained
A: no striking features
a: no special abilities


You were on level 4 of the Dungeon.
You visited 1 branch of the dungeon, and saw 4 of its levels.

You collected 153 gold pieces.

Inventory:

Missiles
 f - 8 poisoned darts
 j - 6 boomerangs
Armour
 a - a +0 robe (worn)
 k - a +0 cloak (worn)
Magical Staves
 c - a staff of poison (weapon)
Potions
 b - a potion of heal wounds
 d - a potion of curing
 e - a potion of attraction {unknown}
 g - 3 potions of degeneration {unknown}
 h - a potion of berserk rage {unknown}


   Skills:
 + Level 0.2 Fighting
 + Level 0.1 Staves
 + Level 3.3 Dodging
 - Level 3.0 Stealth
 - Level 3.5 Spellcasting
 + Level 1.6 Conjurations
 + Level 4.7 Fire Magic
 - Level 1.0 Poison Magic
 - Level 1.0 Evocations


You had 3 spell levels left.
You knew the following spells:

 Your Spells              Type           Power      Damage    Failure   Level
a - Foxfire               Conj/Fire      68%        2x1d7     3%          1
b - Scorch                Fire           48%        2d7       2%          2
c - Flame Wave            Conj/Fire      17%        2d6       30%         4

Your spell library contained the following spells:

 Spells                   Type           Power      Damage    Failure   Level
 Shock                    Conj/Air       28%        1d4       9%          1
 Conjure Flame            Conj/Fire      17%        6-21      10%         3
 Inner Flame              Hex/Fire       14%        N/A       13%         3
 Frozen Ramparts          Ice            6%         1d2       34%         3
 Swiftness                Air            3%         N/A       34%         3
 Airstrike                Air            1%         N/A       75%         4
 Ice Form                 Ice/Tmut       3%         N/A       75%         4
 Summon Ice Beast         Ice/Summ       3%         N/A       75%         4


Dungeon Overview and Level Annotations

Branches:
Dungeon (4/15)
 Temple: D:4-7

Altars:

Shops:
D:4 =

Annotations:
D:4 Robin


Message History

You kill the hobgoblin!
You finish channelling waves of flame.
You hear an angry hiss.
You hear a shout!
A goblin comes into view. It is wielding a +0 club.
You aren't carrying any scrolls.
Robin roars a battlecry!
Things that are here:
a +0 dagger; a goblin corpse Robin roars a battlecry!
The goblin goes into a battle-frenzy!
Your magical contamination has completely faded away.
There is a stone staircase leading up here.
You can't go down here!
You climb upwards.
There is a stone staircase leading down here.
You start resting.
Magic restored.
You start resting.
HP restored.
There is a stone staircase leading down here.
You climb downwards.
Level annotation: Robin
Found 25 stones and 2 pink potions.
Found Boeg's Jewellery Shop.
There is a stone staircase leading up here.
Unknown command.
Casting: Flame Wave (potentially lethal; 30% risk of failure)
Confirm with . or Enter, or press ? or * to list all spells.
The spell is potentially lethal to miscast (30% risk of failure)!
Continue anyway?
Casting: Flame Wave (potentially lethal; 30% risk of failure)
Press: ? - help, Dir - look around, f - activate A wave of flame ripples out!
The flame wave engulfs the wight!
The wight is heavily damaged. (Press . to intensify the flame waves.)
The wight barely misses you. The wight hits you with a +2 spear.
You feel drained.
The wight hits you from afar with a +3 halberd!
Ouch! That really hurt!
* * * LOW HITPOINT WARNING * * *
You feel drained.
You die...

.⌠!⌠.#
8.∩.8#
##.⌠.⌠.#
#####.8.8.8#
#...........
#..zz....#
#.zz.....#
#...@<...#
##########


You could see 4 wights.

Vanquished Creatures
  An orc wizard (D:3)
  An adder (D:2)
  2 worms
  2 dart slugs
  5 orcs (D:3)
  7 bats
  4 endoplasms
  6 giant cockroaches
  9 goblins
  7 hobgoblins
  6 jackals
  7 kobolds
  2 quokkas (D:1)
  5 ball pythons
  2 frilled lizards
  4 rats
70 creatures vanquished.

Vanquished Creatures (others)
  98 foxfires
98 creatures vanquished.

Grand Total: 168 creatures vanquished

Notes
Turn   | Place    | Note
-------+----------+-------------------------------------------
     0 | D:1      | hawla the Deep Elf Fire Elementalist began the quest for
                  | the Orb.
     0 | D:1      | Reached XP level 1. HP: 10/10 MP: 6/6
   237 | D:1      | Found a faded altar of an unknown god.
   357 | D:1      | Reached XP level 2. HP: 7/15 MP: 2/8
   807 | D:1      | Reached skill level 1 in Evocations
   939 | D:1      | Learned a level 2 spell: Scorch
  1400 | D:2      | Reached skill level 4 in Fire Magic
  1400 | D:2      | Reached XP level 3. HP: 19/19 MP: 3/9
  2219 | D:2      | Reached skill level 1 in Poison Magic
  2623 | D:3      | Reached XP level 4. HP: 24/24 MP: 8/11
  2643 | D:3      | Learned a level 4 spell: Flame Wave
  3563 | D:4      | Noticed Robin
  3736 | D:4      | Found Boeg's Jewellery Shop.
  3738 | D:4      | Slain by a wight

Illustrated notes

Levels and vault maps discovered:
D:1:      dpeg_arrival_simpleton_a, layout_basic,
          dreamdust_ecumenical_altar_statues, kennysheep_crisscross
D:2:      layout_loops_ring
D:3:      layout_basic, minivault_23
D:4:      layout_rooms, trog_three_pillars_becter, serial_shops, shop,
          nicolae_shop_temple_entry_statues_fountains, shop, shop_statue,
          minmay_vboxes, uniq_robin

Skill      XL: |  1  2  3  4 |
---------------+-------------+-----
Evocations     | 1 |  1.0
Fire Magic     | 4 |  4.7
Stealth        | 3 |  3.0
Poison Magic   | 1 |  1.0
Dodging        | 3 |  3.3
Fighting       | |  0.2
Staves         | |  0.1
Spellcasting   | |  3.5
Conjurations   | |  1.6

Action                   |  1- 3 |  4- 6 || total
-------------------------+-------+-------++-------
Melee: Unarmed           |     3 |       ||     3
       Staff             |    46 |    10 ||    56
       Punch             |     2 |       ||     2
 Cast: Foxfire           |    51 |    10 ||    61
       Scorch            |    17 |     2 ||    19
       Flame Wave        |       |     3 ||     3
  Use: Scroll            |     3 |     1 ||     4
       Potion            |       |     1 ||     1
Armor: Robe              |    22 |     4 ||    26
Dodge: Dodged            |    79 |    12 ||    91
